Map: Orbital Shipyard

Players

Clubbins

  • Race: Protoss Protoss

Fullmetal

  • Race: Protoss Protoss
  • League: Master

GhostRogue

  • Race: Protoss Protoss

BraindeadPr

  • Race: Protoss Protoss

VOD

Have the link to the VOD?

Description

Time

  • Played on: Nov. 15, 2015, 11:50 a.m.
  • Length: 11:14
Show
View Real Time Build Order
Export as new Build Order

Clubbins Protoss 

Build Orders:  

Get SALT Encoding   

  12  0:22  Pylon  
  12  0:31  Probe (Chrono Boost)  
  13  0:41  Probe (Chrono Boost)  
  14  0:49  Gateway  
  14  0:52  Probe (Chrono Boost)  
  15  1:07  Assimilator  
  15  1:08  Probe (Chrono Boost)  
  16  1:29  Pylon  
  16  1:43  Cybernetics Core  
  16  1:50  Probe (Chrono Boost)  
  17  2:00  Probe (Chrono Boost)  
  18  2:03  Gateway  
  18  2:05  Gateway  
  18  2:06  Zealot  
  20  2:11  Probe (Chrono Boost)  
  20  2:14  Warp Gate  
  22  2:23  Probe (Chrono Boost)  
  22  2:37  Nexus  
  22  2:46  Zealot  
  22  2:50  Probe (Chrono Boost)  
  25  2:57  Stalker  
  27  3:02  Probe (Chrono Boost)  
  28  3:06  Assimilator  
  28  3:10  Zealot  
  30  3:21  Zealot  
  30  3:47  Pylon  
  30  3:56  Forge  
  30  4:03  Zealot  
  30  4:05  Zealot  
  30  4:08  Zealot  
  36  4:23  Nexus  
  36  4:54  Pylon  
  36  4:56  Pylon  
  36  4:58  Pylon  
  36  5:01  Gateway  
  36  5:03  Gateway  
  33  5:23  Stalker  
  31  5:36  Probe (Chrono Boost)  
  32  5:47  Probe (Chrono Boost)  
  30  5:58  Probe (Chrono Boost)  
  31  6:08  Probe (Chrono Boost)  
  32  6:12  Forge  
  32  6:19  Probe (Chrono Boost)  
  32  6:22  Probe (Chrono Boost)  
  34  6:29  Probe  
  34  6:31  Probe, Nexus  
  35  6:49  Pylon  
  35  6:58  Adept x2  
  35  6:59  Adept, Photon Cannon  
  41  7:02  Probe  
  41  7:03  Probe  
  43  7:16  Probe  
  43  7:17  Probe  
  45  7:33  Zealot  
  45  7:34  Zealot x2  
  47  8:09  Stalker  
  49  8:16  Stalker x2  
  47  8:35  Zealot  
  47  8:39  Zealot  
  49  8:44  Stalker  
  44  8:57  Zealot  
  44  8:58  Zealot x2  
  44  8:59  Zealot  
  45  9:10  Gateway  
  45  9:12  Gateway  
  45  9:14  Gateway  
  45  9:16  Gateway  
  37  9:37  Photon Cannon  
  37  9:39  Photon Cannon  
  33  10:10  Pylon  
  33  10:16  Zealot  
  35  10:21  Stalker  
  33  10:46  Probe  
Show
View Real Time Build Order
Export as new Build Order

Fullmetal Protoss 

Build Orders:  

Get SALT Encoding   

  12  0:02  Probe (Chrono Boost)  
  13  0:12  Probe (Chrono Boost)  
  14  0:18  Pylon  
  14  0:23  Probe (Chrono Boost)  
  15  0:36  Probe (Chrono Boost)  
  15  0:38  Gateway  
  16  0:47  Probe (Chrono Boost)  
  17  0:56  Assimilator  
  17  0:57  Probe (Chrono Boost)  
  18  1:08  Probe (Chrono Boost)  
  20  1:18  Probe (Chrono Boost)  
  20  1:20  Gateway  
  20  1:26  Cybernetics Core  
  20  1:29  Probe (Chrono Boost)  
  21  1:34  Pylon  
  21  1:38  Assimilator  
  21  1:39  Probe (Chrono Boost)  
  22  1:50  Probe (Chrono Boost)  
  23  2:00  Probe (Chrono Boost)  
  24  2:03  Adept, Warp Gate (Chrono Boost)  
  24  2:07  Adept  
  28  2:12  Pylon  
  28  2:16  Probe  
  29  2:29  Probe  
  30  2:30  Adept  
  30  2:34  Adept  
  34  2:41  Probe  
  35  2:45  Robotics Facility  
  35  2:52  Pylon  
  35  2:53  Probe  
  36  2:59  Adept  
  38  3:06  Probe  
  38  3:10  Adept  
  41  3:14  Pylon  
  41  3:18  Probe  
  42  3:33  Pylon  
  42  3:36  Immortal (Chrono Boost)  
  46  3:48  Probe  
  46  3:52  Adept  
  46  3:55  Adept  
  51  4:01  Probe  
  52  4:11  Observer (Chrono Boost)  
  53  4:17  Nexus  
  53  4:23  Sentry, Assimilator  
  55  4:25  Sentry  
  55  4:31  Assimilator  
  57  4:36  Mothership Core  
  59  4:59  Probe  
  60  5:03  Adept  
  62  5:19  Pylon  
  62  5:20  Pylon  
  62  5:21  Pylon  
  62  5:30  Immortal (Chrono Boost)  
  66  5:36  Adept  
  66  5:40  Probe  
  69  5:44  Probe  
  70  5:54  Probe, Adept  
  70  5:56  Probe  
  72  6:00  Stalker  
  72  6:04  Probe, Warp Prism (Chrono Boost)  
  76  6:10  Probe  
  78  6:17  Probe  
  78  6:19  Robotics Bay  
  78  6:21  Sentry  
  78  6:22  Probe  
  78  6:24  Pylon  
  82  6:27  Probe  
  82  6:31  Adept  
  85  6:40  Probe  
  85  6:42  Probe  
  85  6:45  Adept  
  89  6:52  Adept  
  91  6:59  Forge  
  91  7:00  Gateway  
  91  7:03  Gateway  
  91  7:06  Adept, Pylon  
  96  7:08  Disruptor (Chrono Boost)  
  96  7:14  Adept  
  98  7:29  Adept  
  100  7:37  Adept  
  102  7:52  Adept  
  102  7:58  Adept x3  
  110  8:13  Probe  
  111  8:23  Probe  
  112  8:27  Adept x2  
  112  8:32  Nexus  
  116  8:37  Probe  
  116  8:38  Gateway  
  116  8:40  Gateway  
  117  8:42  Gateway  
  117  8:43  Gateway  
  117  8:52  Assimilator  
  117  8:54  Assimilator  
  117  9:06  Pylon  
  117  9:25  Adept x4  
  125  9:33  Gateway  
  125  9:35  Gateway  
  125  9:53  Adept x3  
  125  9:54  Adept  
  133  10:09  Pylon  
  133  10:22  Adept x3  
  133  10:23  Adept  
  141  10:31  Disruptor (Chrono Boost)  
  144  10:40  Adept x2  
  148  10:52  Pylon  
  148  11:01  Robotics Facility  
Show
View Real Time Build Order
Export as new Build Order

GhostRogue Protoss 

Build Orders:  

Get SALT Encoding   

Show
View Real Time Build Order
Export as new Build Order

BraindeadPr Protoss 

Build Orders:  

Get SALT Encoding   

Tags
 
Add a new tag
Caveats
  • Supply blocks, unpowered buildings, or Contaminate may cause inaccurate times.
  • Supply counts are checked every 10 seconds.